[Event "Aktivschachturnier (30 Sek. pro Zug)"]
[Site "Wuppertal"]
[Date "2007.??.??"]
[Round "?"]
[White "Centurion, Saitek"]
[Black "Vancouver 68000, Mephisto"]
[Result "0-1"]
[ECO "D31"]
[WhiteElo "1978"]
[BlackElo "2105"]
[Annotator "Jaeger,Thomas"]
[PlyCount "104"]
[EventDate "2007.??.??"]
[TimeControl "120+1"]

{32MB, book.ctg, ANJATHOMAS} 1. c4 e6 2. Nc3 d5 3. d4 c6 4. e4 dxe4 5. Nxe4
Bb4+ 6. Bd2 Qxd4 7. Bxb4 Qxe4+ 8. Be2 {letzter Buchzug} c5 9. Bxc5 Qxg2 {
letzter Buchzug} 10. Bf3 Qg5 11. Qd6 Nd7 12. Bd4 e5 13. Bc3 Qe7 14. Rd1 Qxd6
15. Rxd6 Ne7 16. Bg2 O-O 17. Nf3 f6 18. Rg1 Nb6 19. b3 Nf5 20. Rd1 Be6 21. Nd2
Rf7 22. Ne4 Rc8 23. Bb2 {Lh3 mit grosem Vorteil!} Rfc7 24. Bh3 Nd4 25. Bxd4
Bxh3 26. Nxf6+ Kh8 27. Bxb6 axb6 28. Nd5 Rf7 29. Nxb6 Rcf8 30. Rg3 Bf5 31. Rd5
e4 32. a3 Be6 33. Rd6 Bf5 34. h4 Bg6 35. Rd2 Rf4 36. Rd7 Rxh4 37. Rxb7 Rh1+ 38.
Kd2 Rh2 39. Kc3 Rhxf2 40. Kb4 R2f3 41. Nd7 Re8 42. Rg5 Rf7 43. Rgb5 e3 44. Rb8
Rxd7 45. Rxe8+ Bxe8 46. Re5 Bf7 47. Rxe3 h5 48. Re5 Rb7+ 49. Rb5 {
noch ein Schnitzer} Rxb5+ 50. cxb5 h4 51. Kc5 Bh5 52. b6 Bf3 0-1

[Event "Aktivschachturnier (30 Sek. pro Zug)"]
[Site "Wuppertal"]
[Date "2007.??.??"]
[Round "?"]
[White "Vancouver 68000, Mephisto"]
[Black "Centurion, Saitek"]
[Result "1-0"]
[ECO "A01"]
[WhiteElo "2105"]
[BlackElo "1978"]
[Annotator "Jaeger,Thomas"]
[PlyCount "87"]
[EventDate "2007.??.??"]
[TimeControl "120+1"]

{32MB, book.ctg, ANJATHOMAS} 1. b3 d5 {schon b3 nicht im Buch!} 2. Bb2 Nf6 3.
e3 {letzter Buchzug} e6 4. Nf3 Bd6 5. Be2 O-O 6. O-O b6 7. c4 Bb7 8. cxd5 Nxd5
9. d4 c5 10. dxc5 Bxc5 11. Qc2 Nc6 12. a3 Rc8 13. Nc3 Nf6 14. Rfd1 Bd6 15. Qd3
Be7 16. Qb1 Qc7 17. Nb5 Qb8 18. Ng5 e5 19. Qf5 g6 20. Qh3 a5 21. Qh6 Rfd8 22.
Bc4 Rxd1+ 23. Rxd1 Nd8 24. f4 Bf8 25. Qh3 Rc5 26. Bxe5 Rxe5 27. fxe5 Qxe5 28.
Nxh7 Nxh7 29. Rxd8 Ng5 30. Qg3 Qa1+ 31. Bf1 Ne6 32. Rb8 Be4 33. Nd6 Bd3 34. Qf2
Ng5 35. Rxb6 Bxf1 36. Qxf1 Qc3 37. Nc4 Bc5 38. Rb5 Bxe3+ 39. Kh1 Ne4 40. g3 Nd2
{?} (40... Bc5 41. a4 Nf2+ 42. Kg2 Qc2 43. Rxc5 Ng4+ 44. Kh3 Nf2+ 45. Kh4 Qe4+
46. Kg5 {beispielsweise}) 41. Qe1 Ba7 42. Qe8+ Kg7 43. Qe5+ Qxe5 44. Nxe5 1-0

[Event "Aktivschachturnier (30 Sek. pro Zug)"]
[Site "Wuppertal"]
[Date "2007.??.??"]
[Round "?"]
[White "MM V, Mephisto"]
[Black "Vancouver 68000, Mephisto"]
[Result "1-0"]
[ECO "C42"]
[WhiteElo "1974"]
[BlackElo "2105"]
[Annotator "Jaeger,Thomas"]
[PlyCount "113"]
[EventDate "2007.??.??"]
[TimeControl "120+1"]

{32MB, book.ctg, ANJATHOMAS} 1. c4 e5 2. Nc3 Nf6 3. Nf3 Nc6 4. g3 Bb4 5. Bg2
O-O 6. O-O {letzter Buchzug} d6 7. d3 h6 {letzter Buchzug} 8. Bd2 Bg4 9. a3 Bc5
10. b4 Bb6 11. b5 Ne7 12. Na4 Qd7 13. Nxb6 axb6 14. Bb4 Bh3 15. Nh4 Bxg2 16.
Nxg2 Qh3 17. f3 Ra7 {?!} 18. e4 Rfa8 19. d4 Ng6 20. Ra2 Ra4 21. Raf2 Qe6 22.
Ne3 exd4 23. Qxd4 Qe5 24. Qd2 Qg5 25. Nd5 Ne8 26. Qxg5 hxg5 27. f4 gxf4 28.
gxf4 R4a7 29. Rd1 Rb8 30. Rf3 Ra4 31. Kf2 Rba8 32. Rfd3 R4a7 33. h3 Rb8 34. Kg3
Kh7 35. h4 Rba8 36. R3d2 Kh6 37. Kg4 {
?! MM V steht klar besser, weis aber nicht, wie es weitergeht} Nh8 {
?! Vanc auch nicht} 38. h5 f6 39. Ne7 g6 {?!} 40. hxg6 Nxg6 41. Nf5+ Kh7 42.
Rh2+ {Tg1 ist noch besser} Kg8 43. Rdh1 {Tg1!} Nf8 44. Rh8+ Kf7 45. e5 fxe5 46.
fxe5 Ng7 47. exd6 {
Schade MM V kann die besten Zuege nicht errechnen Sd6 nebst Tf1} Nxf5 48. dxc7
Ne3+ 49. Kf3 Nxc4 50. Bxf8 Rc8 51. Ke4 Ke6 52. Rd1 Nb2 {jetzt wird es matt} 53.
Rd6+ Kf7 54. Kf5 Rxf8 55. c8=Q Re8 56. Qxe8+ Kg7 57. Rd7# 1-0

[Event "Aktivschachturnier (30 Sek. pro Zug)"]
[Site "Wuppertal"]
[Date "2007.??.??"]
[Round "?"]
[White "Vancouver 68000, Mephisto"]
[Black "MM V, Mephisto"]
[Result "0-1"]
[ECO "C24"]
[WhiteElo "2105"]
[BlackElo "1974"]
[Annotator "Jaeger,Thomas"]
[PlyCount "113"]
[EventDate "2007.??.??"]
[TimeControl "120+1"]

{32MB, book.ctg, ANJATHOMAS} 1. e4 e5 2. Bc4 Nf6 3. d4 exd4 4. Nf3 Nxe4 5. Qxd4
Nf6 {letzter Buchzug} 6. Nc3 Nc6 7. Qh4 {letzter Buchzug} Bb4 8. O-O Bxc3 9.
bxc3 d5 {vom Vanc erwartet 0-0 ist sicherer} 10. Re1+ Be6 11. Bd3 Qe7 12. Bg5
h6 13. Nd4 Nxd4 14. cxd4 O-O-O {!?} (14... O-O 15. Bxh6 gxh6 16. Re3 {!}) 15.
Bxf6 Qxf6 16. Qxf6 gxf6 17. g3 Bh3 18. Bb5 c6 19. Bd3 Rhe8 20. a4 b6 21. c3 c5
22. Bb5 Re6 23. a5 cxd4 24. cxd4 Rxe1+ 25. Rxe1 bxa5 26. Re7 Bd7 27. Ba6+ Kc7
28. Rxf7 Rb8 {besser a4} 29. Bd3 a4 30. Bf5 Rd8 31. Rxf6 Bxf5 {
jetzt folgt ein kompliziertes T-endspiel} 32. Rxf5 Kc6 33. Kg2 {Tempoverlust}
Kb5 34. Rf7 a5 {Td6!} 35. Rb7+ Kc4 36. Ra7 Rb8 {a3!} 37. Rxa5 Rb4 38. h4 {f4!}
Kxd4 {Kb3!} 39. h5 Kc3 40. Kf3 d4 41. Ra6 d3 42. Ke3 Rd4 43. Rc6+ Rc4 44. Rxh6
Kc2 {Tc8! gewinnt!} 45. Rd6 Rc7 46. f4 a3 47. g4 Re7+ 48. Kf3 Ra7 49. Rc6+ Kd1
50. Rd6 a2 51. Rxd3+ Kc2 52. Rd8 a1=Q 53. Rc8+ Kb3 54. Rb8+ Ka2 55. g5 Qd1+ 56.
Kf2 Ra3 57. Ra8 {gibt auf!} 0-1

[Event "Aktivschachturnier (30 Sek. pro Zug)"]
[Site "Wuppertal"]
[Date "2007.??.??"]
[Round "?"]
[White "Super Constellation, Novag"]
[Black "Vancouver 68000, Mephisto"]
[Result "0-1"]
[ECO "B07"]
[WhiteElo "1732"]
[BlackElo "2105"]
[Annotator "Jaeger,Thomas"]
[PlyCount "100"]
[EventDate "2007.??.??"]
[TimeControl "120+1"]

{32MB, book.ctg, ANJATHOMAS} 1. e4 d6 2. d4 Nf6 3. Nc3 {letzter Buchzug} c6 4.
Bg5 Qa5 {letzter Buchzug} 5. Bxf6 exf6 6. Bc4 Be6 7. Bxe6 fxe6 8. Nge2 Qb6 9.
O-O e5 10. Na4 Qc7 11. f4 Nd7 12. f5 Be7 13. Qd3 Qa5 14. Qb3 Qd2 15. Rf2 Rb8
16. Qc3 Qg5 17. Qd3 b5 18. Nac3 O-O 19. a3 a6 20. Nd1 exd4 21. Qb3+ Rf7 22.
Nxd4 Ne5 23. Qe6 Rbf8 24. Nf3 Qg4 25. Nxe5 fxe5 26. Nc3 Kh8 27. Rd1 h6 28. Rxd6
{?! typisch SuCo schredder sieht dies als Fehler -1,00} Bxd6 29. Qxd6 Qg5 {!}
30. Qxe5 Qc1+ 31. Rf1 Qxb2 {De3!} 32. Qc5 Rf6 33. Nd1 Qa2 34. Ne3 R6f7 35. Rd1
{e5!} Rc8 36. Qc3 Rfc7 37. f6 Kh7 38. fxg7 Rxg7 39. Nf5 Rcg8 40. Nxg7 Rxg7 41.
e5 Rf7 42. Qxc6 Qxa3 43. Qe4+ Kg7 44. Kh1 {Schade e6!} Qf8 45. h3 Rf1+ 46. Rxf1
Qxf1+ 47. Kh2 Qc4 48. Qxc4 {
?? da spielt der Super Coony den Vancouver an die Wand und verliert trotzdem}
bxc4 49. Kg3 a5 50. Kf4 a4 0-1

[Event "Aktivschachturnier (30 Sek. pro Zug)"]
[Site "Wuppertal"]
[Date "2007.??.??"]
[Round "?"]
[White "Vancouver 68000, Mephisto"]
[Black "Super Constellation, Novag"]
[Result "1-0"]
[ECO "C54"]
[WhiteElo "2105"]
[BlackElo "1732"]
[Annotator "Jaeger,Thomas"]
[PlyCount "191"]
[EventDate "2007.??.??"]
[TimeControl "120+1"]

{32MB, book.ctg, ANJATHOMAS} 1. e4 e5 2. Nf3 Nc6 3. Bc4 Nf6 4. d3 Bc5 5. c3 {
letzter Buchzug} a6 {letzter Buchzug} 6. Bg5 h6 7. Bh4 Be7 8. O-O O-O 9. Nbd2
b5 10. Bb3 a5 11. Bg3 d6 12. a4 Ba6 13. axb5 Bxb5 14. Bc4 Bxc4 15. Nxc4 Qd7 16.
b3 Qe6 17. Re1 Rab8 18. Nfd2 Rb5 19. Qf3 Rfb8 20. Ne3 g6 21. Ra2 Bf8 22. Rea1
Bg7 23. Nec4 Rc5 24. h3 d5 25. exd5 Nxd5 26. Rc2 Rcb5 27. Re1 f5 28. Rcc1 f4
29. Bh2 Qd7 30. Nb2 Nf6 31. Kh1 Kh7 32. Ra1 Rd5 33. Ra3 Qf5 34. Kg1 Qd7 35. Ra2
Qf7 36. Ra4 Qd7 37. Ra3 Qf5 38. Ne4 Rdb5 39. Nc4 Rxb3 40. Rxb3 Rxb3 41. Ned2
Rxc3 42. Qxc6 Qxd3 43. Qf3 Qxf3 44. gxf3 Nd7 45. Nxa5 c5 46. Nac4 g5 47. Rb1
Nf8 48. Nd6 Rc2 49. N6e4 c4 50. Kf1 Ne6 51. Rb6 Nd4 {
wieder spielt der SuCo stark!} 52. Kg2 c3 53. Nb1 Nf5 {
nach Tb2 kann Weiss kaum gewinnen} 54. Nbxc3 Nh4+ 55. Kh1 Nxf3 56. Bg1 h5 57.
Rb7 g4 58. hxg4 hxg4 59. Kg2 Ne1+ 60. Kf1 Nf3 61. Rd7 g3 62. Nd1 Rc4 63. Nf6+
Kg6 64. Ne8 Bh8 65. fxg3 fxg3 66. Rd6+ Kf7 67. Rd3 g2+ {Sh2!} 68. Kf2 Kxe8 69.
Rxf3 e4 70. Rf5 Rd4 {wieder nicht das Beste} 71. Ke1 Rb4 72. Rg5 Kf7 {
Ld4 und remis, das weiss SuCo aber nicht} 73. Rxg2 Bf6 74. Bc5 Rb5 75. Be3 Ra5
76. Rg4 Ra4 77. Ke2 Ke6 78. Bd2 Kd5 79. Ne3+ Ke6 80. Kf2 Kd7 81. Ke1 Ke6 82.
Ke2 Bb2 83. Rg6+ Kd7 84. Nf5 Rc4 {Le5} 85. Rd6+ Ke8 86. Rb6 Ba3 87. Ne3 Rc7 88.
Nd5 Rc4 89. Rb7 Rd4 90. Nf6+ Kd8 91. Ba5+ Kc8 92. Rc7+ Kb8 93. Ke3 Rd1 94. Nd7+
Ka8 95. Bb6 Rxd7 96. Rxd7 1-0

[Event "Aktivschachturnier (30 Sek. pro Zug)"]
[Site "Wuppertal"]
[Date "2007.??.??"]
[Round "?"]
[White "Kishon Chesster, Fidelity"]
[Black "Vancouver 68000, Mephisto"]
[Result "0-1"]
[ECO "D21"]
[WhiteElo "1781"]
[BlackElo "2105"]
[Annotator "Jaeger,Thomas"]
[PlyCount "126"]
[EventDate "2007.??.??"]
[TimeControl "120+1"]

{32MB, book.ctg, ANJATHOMAS} 1. d4 d5 2. c4 dxc4 3. Nf3 {letzter Buchzug} c5 4.
Qa4+ Bd7 5. Qxc4 cxd4 {letzter Buchzug} 6. Bf4 Nc6 7. Nxd4 Rc8 8. Nxc6 Bxc6 9.
Qd3 Qxd3 10. exd3 Nf6 11. Nc3 e6 12. d4 Rd8 13. Rd1 Bb4 14. f3 Nd5 15. Bd2 O-O
16. Bd3 Be7 17. O-O Nb4 18. Bf4 Bf6 19. Be3 Nxd3 20. Rxd3 a5 21. Rdd1 g6 22. a3
Rd7 23. Ne4 Be7 24. Nc5 Rd5 25. Rc1 Rfd8 26. Ne4 Rb5 27. Rc2 Rb3 {
Vanc laviert wieder herum und wartet auf Fehler} 28. Re1 Rd5 29. Nc3 Rh5 30.
Bf4 Rh4 31. Ne2 (31. g3 {!?} Rh5 32. d5 Bc5+ 33. Kg2 exd5 34. g4 d4 35. gxh5
dxc3 36. Rxc3 Rxb2+ 37. Kh1) 31... Bf6 32. Rd1 a4 33. Bg3 Rh6 34. Rdc1 Rh5 35.
Bf2 Rd5 36. h3 Kg7 37. Rb1 h6 38. Rbc1 Bg5 39. f4 Be7 40. Nc3 Rd7 41. Re2 Bf6
42. Rd2 Rd8 43. Re1 Kg8 {Lang(weiler)} 44. Ree2 g5 45. fxg5 Bxg5 46. Rd1 {
Le3 ist besser} Bf6 47. Be3 Kg7 48. Rc2 b5 49. Bf2 Bb7 50. Re2 Bg5 51. Bg3 Kg8
52. Bc7 Rd7 53. Bg3 {?! da ist der Fehler} b4 {!} 54. axb4 a3 55. h4 {?!} Bf6
56. Be5 Bxe5 57. Rxe5 axb2 58. Nb1 Rxb4 59. Re2 Bd5 60. Rdd2 Rc7 61. Rc2 Rxc2
62. Rxc2 Be4 63. Rc8+ Kg7 {Chesster gibt auf} 0-1

[Event "Aktivschachturnier (30 Sek. pro Zug)"]
[Site "Wuppertal"]
[Date "2007.??.??"]
[Round "?"]
[White "Excel 68000, Fidelity"]
[Black "Vancouver 68000, Mephisto"]
[Result "1/2-1/2"]
[ECO "B19"]
[WhiteElo "1858"]
[BlackElo "2105"]
[Annotator "Jaeger,Thomas"]
[PlyCount "31"]
[EventDate "2007.??.??"]
[TimeControl "120+1"]

{32MB, book.ctg, ANJATHOMAS} 1. e4 c6 2. d4 d5 3. Nc3 dxe4 4. Nxe4 Bf5 5. Ng3
Bg6 6. h4 h6 7. Nf3 Nd7 8. h5 Bh7 9. Bd3 Bxd3 10. Qxd3 Qc7 11. Bd2 e6 12. Qe2
Ngf6 13. c4 Bd6 14. Nf5 Bf4 15. Bxf4 Qxf4 16. Ne3 {letzter Buchzug} 1/2-1/2

[Event "Aktivschachturnier (30 Sek. pro Zug)"]
[Site "Wuppertal"]
[Date "2007.??.??"]
[Round "?"]
[White "Vancouver 68000, Mephisto"]
[Black "Excel 68000, Fidelity"]
[Result "1-0"]
[ECO "A36"]
[WhiteElo "2105"]
[BlackElo "1858"]
[Annotator "Jaeger,Thomas"]
[PlyCount "63"]
[EventDate "2007.??.??"]
[TimeControl "120+1"]

{32MB, book.ctg, ANJATHOMAS} 1. c4 c5 2. Nc3 Nc6 3. g3 g6 4. Bg2 Bg7 {
letzter Buchzug} 5. e3 {letzter Buchzug} Nh6 6. Nge2 O-O 7. O-O e5 8. Qa4 a5 9.
Qb5 b6 10. d3 Ba6 11. Qb3 Rb8 12. Bd2 Qg5 13. Nd5 Qh5 14. Rfe1 Rfc8 {b5!} 15.
Nec3 Rf8 16. Nxb6 Ng4 17. h3 Nf6 18. Nca4 e4 19. dxe4 Rfe8 20. Qd1 Qg5 21. Bc3
Nxe4 22. Bxg7 Kxg7 23. Nxd7 Rb4 24. Bxe4 Rxe4 25. Naxc5 Rexc4 26. Qd6 Ne7 27.
Nxa6 Rxb2 28. Nac5 a4 29. Reb1 Rbc2 30. Qb8 Kh6 31. Qf8+ Kh5 32. Qxf7 1-0

[Event "Aktivschachturnier (30 Sek. pro Zug)"]
[Site "Wuppertal"]
[Date "2007.??.??"]
[Round "?"]
[White "Vancouver 68000, Mephisto"]
[Black "Kishon Chesster, Fidelity"]
[Result "1-0"]
[ECO "B52"]
[WhiteElo "2105"]
[BlackElo "1781"]
[Annotator "Jaeger,Thomas"]
[PlyCount "62"]
[EventDate "2007.??.??"]
[TimeControl "120+1"]

{32MB, book.ctg, ANJATHOMAS} 1. e4 c5 2. Nf3 d6 3. Bb5+ Bd7 4. Bxd7+ Qxd7 5.
O-O Nf6 6. e5 dxe5 7. Nxe5 Qc8 8. Qf3 e6 9. Nc3 Be7 10. d3 O-O 11. Bf4 Na6 {
letzter Buchzug} 12. a3 {letzter Buchzug} Nc7 13. Rfe1 Nfd5 14. Qg4 Nxf4 15.
Qxf4 f6 16. Nc4 Qd7 17. Qe4 b5 18. Ne3 f5 19. Qb7 Bf6 20. Nxb5 Qxb5 21. Qxc7
Rfc8 22. Qd6 Rc6 23. Qd7 Rb6 24. Qxb5 Rxb5 25. Nc4 Bxb2 26. Rab1 Rab8 27. Rxe6
a5 28. Rc6 a4 29. Nd6 f4 30. Ra6 g5 31. Nxb5 Rxb5 1-0

[Event "Aktivschachturnier (30 Sek. pro Zug)"]
[Site "Wuppertal"]
[Date "2007.??.??"]
[Round "?"]
[White "Amsterdam, Mephisto"]
[Black "Vancouver 68000, Mephisto"]
[Result "1/2-1/2"]
[ECO "B07"]
[WhiteElo "1927"]
[BlackElo "2105"]
[Annotator "Jaeger,Thomas"]
[PlyCount "119"]
[EventDate "2007.??.??"]
[TimeControl "120+1"]

{32MB, book.ctg, ANJATHOMAS} 1. e4 d6 2. Nf3 Nf6 3. Nc3 c5 {letzter Buchzug} 4.
d4 cxd4 5. Bb5+ Bd7 6. Bxd7+ {letzter Buchzug} Nbxd7 7. Nxd4 g6 8. O-O Bg7 9.
Qe2 O-O 10. Rd1 a6 11. Nd5 e6 12. Nxf6+ Nxf6 13. e5 Ne8 14. Bf4 Qb6 15. Nb3 Rd8
16. Rac1 Qc6 17. c3 d5 18. Bg5 Rd7 19. Re1 Nc7 20. Qe3 Nb5 21. Bh6 Bxh6 22.
Qxh6 Qb6 23. c4 Nd4 24. Qe3 dxc4 25. Rxc4 Rfd8 26. h3 Qa7 27. Nxd4 Rxd4 28. b3
b5 29. Rc6 Qb7 30. Rec1 Rd1+ 31. Kh2 R8d3 32. Rc8+ Rd8 33. R8c7 Qb8 34. R1c6
R1d7 35. Rxd7 Rxd7 36. Rxa6 Rd5 37. f4 Qc8 38. Rd6 Qa8 39. Rxd5 Qxd5 40. g4 h6
41. Kg3 Qd1 42. b4 Qc2 43. a3 Kg7 44. h4 h5 45. Qf3 hxg4 46. Kxg4 Qh2 47. Qf1
Qb2 48. Qd3 Qg2+ 49. Qg3 Qe2+ 50. Kh3 Kf8 51. Qc3 Qf1+ 52. Kg4 Qg2+ 53. Qg3 Qh1
54. Qf2 Kg7 55. Kg3 Kh7 56. Qe3 Qf1 57. Kg4 Qg2+ 58. Qg3 Qd2 59. Qf3 Kh6 60.
Qf1 1/2-1/2

[Event "Aktivschachturnier (30 Sek. pro Zug)"]
[Site "Wuppertal"]
[Date "2007.??.??"]
[Round "?"]
[White "Vancouver 68000, Mephisto"]
[Black "Amsterdam, Mephisto"]
[Result "1-0"]
[ECO "C02"]
[WhiteElo "2105"]
[BlackElo "1927"]
[Annotator "Jaeger,Thomas"]
[PlyCount "82"]
[EventDate "2007.??.??"]
[TimeControl "120+1"]

{32MB, book.ctg, ANJATHOMAS} 1. e4 e6 2. d4 d5 3. e5 c5 4. c3 Qb6 5. Nf3 Nc6 6.
Be2 cxd4 7. cxd4 Nh6 8. Nc3 Nf5 9. Na4 Bb4+ 10. Bd2 {letzter Buchzug} Qa5 {
letzter Buchzug} 11. Bc3 O-O 12. O-O Bxc3 13. Nxc3 f6 14. exf6 Rxf6 15. Qd2 Qb6
16. Na4 Qc7 17. Rac1 Qd6 18. Bb5 Nfe7 19. Rfe1 Rb8 20. Ne5 a6 21. Bxc6 Nxc6 22.
Nc5 Ne7 23. Qc2 b6 24. Nb3 Ng6 25. Nxg6 Rxg6 26. Qc7 Qxc7 27. Rxc7 a5 28. h3
Ba6 29. Rc6 a4 30. Nd2 Bc8 31. Nf3 h6 32. Ne5 Rf6 33. Rec1 Rf8 34. Ng6 Bd7 35.
Rd6 Rfd8 36. Rc7 Bb5 37. Rxe6 Rd7 38. Rxd7 Bxd7 39. Rd6 Rb7 40. Ne7+ Kf8 41.
Nxd5 b5 {gewann der Vancouver leicht} 1-0

[Event "Aktivschachturnier (30 Sek. pro Zug)"]
[Site "Wuppertal"]
[Date "2007.??.??"]
[Round "?"]
[White "Amsterdam, Mephisto"]
[Black "Super Expert C, Novag"]
[Result "0-1"]
[ECO "B52"]
[WhiteElo "1927"]
[BlackElo "1960"]
[Annotator "Jaeger,Thomas"]
[PlyCount "114"]
[EventDate "2007.??.??"]
[TimeControl "120+1"]

{32MB, book.ctg, ANJATHOMAS} 1. e4 c5 2. Nf3 d6 3. Bb5+ Bd7 4. Bxd7+ Qxd7 5.
O-O {letzter Buchzug} Nf6 6. d3 g6 7. Nc3 Bg7 {letzter Buchzug} 8. d4 cxd4 9.
Qxd4 Nc6 10. Qd3 O-O 11. Bf4 Rfc8 12. a3 Qg4 13. Bg3 a6 14. Qe3 Nh5 15. h3 Qe6
16. Rae1 Bxc3 17. Qxc3 Ne5 18. Bxe5 {wer hatte das dem Adam zugetraut?} Rxc3
19. Bxc3 Qd7 20. e5 d5 21. Bd2 Rc8 22. Nd4 Ng7 23. c3 Ne6 24. Rd1 Nxd4 25. cxd4
Rc2 26. Bc3 Kg7 27. Rfe1 Qf5 28. Rd2 Rxd2 29. Bxd2 Qc2 30. Bc3 h5 31. g4 hxg4
32. hxg4 b6 33. Kg2 e6 34. Kf3 f5 35. exf6+ Kf7 36. Re2 {?!} Qd1 37. g5 Qd3+
38. Re3 Qf5+ 39. Ke2 Qxg5 40. Rf3 Qg4 41. b3 a5 42. b4 e5 43. dxe5 d4 44. Bxd4
Qxd4 45. Re3 (45. e6+ Kf8 (45... Kxe6 46. f7 Qb2+ 47. Kf1 Qc1+ 48. Kg2 Qg5+ 49.
Kf1 Qc1+ 50. Kg2 Qg5+ 51. Kf1 Qc1+) 46. e7+ Kf7 47. Re3 Qc4+ 48. Kf3 Ke8) 45...
axb4 46. axb4 Qxb4 47. f3 Qc4+ 48. Kd2 Qd4+ 49. Ke2 Qb2+ 50. Kd3 Qb3+ 51. Kd2
Qa2+ 52. Kd3 Ke6 53. Re4 Qd5+ 54. Ke2 b5 55. Kf2 b4 56. Kg3 b3 57. f7 Kxf7 0-1

[Event "Aktivschachturnier (30 Sek. pro Zug)"]
[Site "Wuppertal"]
[Date "2007.??.??"]
[Round "?"]
[White "Super Expert C, Novag"]
[Black "Amsterdam, Mephisto"]
[Result "1-0"]
[ECO "D11"]
[WhiteElo "1960"]
[BlackElo "1927"]
[Annotator "Jaeger,Thomas"]
[PlyCount "127"]
[EventDate "2007.??.??"]
[TimeControl "120+1"]

{32MB, book.ctg, ANJATHOMAS} 1. d4 d5 2. Nf3 Nf6 3. e3 Bg4 4. c4 c6 5. cxd5
cxd5 6. Bb5+ Nc6 7. h3 Bd7 8. O-O e6 9. Nc3 Be7 10. Bd2 O-O 11. Rc1 Bd6 12. Be2
a6 13. Re1 Qc7 14. Bd3 Qb8 15. Qe2 Nb4 16. Bb1 Bc7 17. e4 dxe4 18. Nxe4 Nfd5
19. Nc5 Bc8 20. Bxb4 {Se5 sieht gut aus. der s Konig hat wenig Schutz} Nxb4 21.
Qe4 g6 22. Ne5 Rd8 23. Qh4 (23. Nxf7 Kxf7 24. Nxe6 Bh2+ 25. Kh1 Bxe6 26. Qxe6+
Kg7 27. Qe7+ Kg8 28. Qxb4) 23... Nc6 24. Ne4 {Amsterdam erwartete Sf7} Nxe5 25.
dxe5 Kf8 26. Qxh7 Bxe5 27. Ng5 Rd7 28. Bxg6 Bd4 29. Re2 {? Te6!} Qf4 30. Qh6+
Ke7 31. Nxf7 Qxh6 32. Nxh6 Kf6 33. Be4 Kg7 34. Ng4 Bb6 35. Ne5 Rd8 36. Rec2 Rb8
37. a3 {Tc7!} Kf6 38. Rxc8 Kxe5 39. Rxd8 Bxd8 40. Re1 Kd6 41. Rd1+ Ke5 42. Bxb7
Rxb7 43. Rxd8 Rxb2 44. Ra8 Rb1+ 45. Kh2 Rb6 46. g4 Rc6 47. Kg2 Ke4 48. h4 Kf4
49. g5 e5 50. Rf8+ Kg4 51. Rf6 Rc7 52. Rh6 e4 53. a4 a5 54. g6 e3 55. fxe3 Rc2+
56. Kg1 Kg3 57. Kf1 Kf3 58. Ke1 Kxe3 59. Kd1 Rd2+ 60. Kc1 Rg2 61. h5 Kd3 62.
Rh7 Kc3 63. Rc7+ Kb3 64. g7 1-0

[Event "Aktivschachturnier (30 Sek. pro Zug)"]
[Site "Wuppertal"]
[Date "2007.??.??"]
[Round "?"]
[White "Leonardo B 6 MHz, Saitek"]
[Black "Vancouver 68000, Mephisto"]
[Result "0-1"]
[ECO "D27"]
[WhiteElo "1820"]
[BlackElo "2105"]
[Annotator "Jaeger,Thomas"]
[PlyCount "76"]
[EventDate "2007.??.??"]
[TimeControl "120+1"]

{32MB, book.ctg, ANJATHOMAS} 1. d4 d5 2. c4 dxc4 3. Nf3 Nf6 4. e3 e6 5. Bxc4 c5
6. O-O a6 7. a4 Nc6 8. Qe2 cxd4 9. Rd1 Be7 10. exd4 O-O 11. Nc3 Nd5 12. Qe4
Ncb4 13. Ne5 {letzter Buchzug} Qd6 {letzter Buchzug} 14. Bf4 Nxf4 15. Qxf4 f6
16. Nd3 Nc2 17. Rac1 Nxd4 18. Qd2 Rd8 19. a5 b5 20. axb6 Bb7 21. Ne2 Qxb6 22.
Nxd4 Rxd4 23. Qe3 Rd6 24. Nf4 Qxe3 25. fxe3 Kf7 26. Rxd6 Bxd6 27. Nxe6 Kg6 28.
Bd3+ Kf7 29. Nc5 Bc8 30. Bxh7 g6 31. Na4 Rb8 32. Rc6 Be5 33. Nb6 Bb7 34. Rc4
Rh8 35. Nd7 Rxh7 36. Nxe5+ fxe5 37. Rc7+ Kg8 38. Rxh7 Kxh7 0-1

[Event "Aktivschachturnier (30 Sek. pro Zug)"]
[Site "Wuppertal"]
[Date "2007.??.??"]
[Round "?"]
[White "Vancouver 68000, Mephisto"]
[Black "Leonardo B 6 MHz, Saitek"]
[Result "1-0"]
[ECO "A00"]
[WhiteElo "2105"]
[BlackElo "1820"]
[Annotator "Jaeger,Thomas"]
[PlyCount "83"]
[EventDate "2007.??.??"]
[TimeControl "120+1"]

{32MB, book.ctg, ANJATHOMAS} 1. g3 e5 {Leo hat g3 nicht im Buch!} 2. Bg2 d5 3.
d3 {letzter Buchzug} Bc5 4. Nf3 Nc6 5. Nbd2 Bg4 6. Nb3 Bb6 7. O-O Nge7 8. c4
dxc4 9. dxc4 e4 10. c5 exf3 11. exf3 Bf5 12. cxb6 cxb6 13. Bf4 O-O 14. Re1 Nd5
15. Be5 f6 16. f4 Ncb4 17. Bxd5+ Nxd5 18. Bd4 Qd7 19. Qh5 Bg4 20. Qh4 Rfd8 21.
Kg2 Rac8 22. Rac1 {?!} Rxc1 23. Nxc1 Ne7 24. Bxf6 gxf6 25. Qxf6 Nd5 {
? Lh3 oder Dd5 gewinnt wohl!} (25... Bh3+ 26. Kg1 Qd5 27. Qg5+ Qxg5 28. fxg5
Nc6) 26. Qg5+ Kf8 {?!} 27. Nd3 Bh3+ 28. Kg1 a6 {
?! unglaublich - jetzt verliert Leo noch!} 29. Ne5 Qd6 30. Qh5 Qe6 31. Qxh7 Ne7
{Lf5!} 32. Nf3 {g4!} Bf5 33. Qh8+ Qg8 34. Qh6+ Ke8 35. Qf6 Qf7 36. Rxe7+ Qxe7
37. Qxf5 Rd1+ 38. Kg2 b5 39. h4 Ra1 40. Ne5 Kd8 41. h5 Rxa2 42. h6 1-0

[Event "Aktivschachturnier (30 Sek. pro Zug)"]
[Site "Wuppertal"]
[Date "2007.??.??"]
[Round "?"]
[White "Leonardo B 6 MHz, Saitek"]
[Black "Corona, Saitek"]
[Result "0-1"]
[ECO "A00"]
[WhiteElo "1820"]
[BlackElo "1900"]
[Annotator "Jaeger,Thomas"]
[PlyCount "74"]
[EventDate "2007.??.??"]
[TimeControl "120+1"]

{32MB, book.ctg, ANJATHOMAS} 1. Nf3 d5 2. c4 c6 3. d4 Nf6 4.
Nc3 e6 5. Bg5 h6 6. Bxf6 Qxf6 {letzter Buchzug} 7. e3 {letzter Buchzug} Bb4 8.
cxd5 exd5 9. Be2 O-O 10. O-O Bxc3 11. bxc3 Bf5 12. Qb3 Qe7 13. c4 Be4 14. cxd5
Bxd5 15. Qb2 Rc8 16. Nd2 c5 17. Bg4 Re8 18. dxc5 Na6 19. Rac1 Rad8 20. Qc2 Nc7
21. Rfd1 Na6 22. a3 Qh4 23. Bf5 g6 24. Bd3 Nc7 25. e4 Bc6 26. Rb1 Qh5 27. Rdc1
Ne6 28. Nb3 Nf4 29. Bf1 Bxe4 30. Qb2 Bxb1 {Lg2!} 31. Rxb1 Ne2+ 32. Bxe2 Rxe2
33. Qf6 Qg5 34. Qf3 Qe7 35. Rf1 Rd1 36. Qc3 Ree1 37. g3 Rxf1+ 0-1

[Event "Aktivschachturnier (30 Sek. pro Zug)"]
[Site "Wuppertal"]
[Date "2007.??.??"]
[Round "?"]
[White "Corona, Saitek"]
[Black "Leonardo B 6 MHz, Saitek"]
[Result "0-1"]
[ECO "D38"]
[WhiteElo "1900"]
[BlackElo "1820"]
[Annotator "Jaeger,Thomas"]
[PlyCount "104"]
[EventDate "2007.??.??"]
[TimeControl "120+1"]

{32MB, book.ctg, ANJATHOMAS} 1. d4 Nf6 2. c4 e6 3. Nc3 Bb4 {letzter Buchzug} 4.
Nf3 d5 5. Qa4+ {letzter Buchzug?} Nc6 6. cxd5 Nxd5 7. Bd2 Nb6 8. Qb5 O-O 9. e3
Bd7 10. Qd3 Qe7 11. a3 Bxc3 12. Bxc3 Nd5 13. Bd2 Nb6 14. e4 f5 15. Bg5 Qf7 16.
e5 h6 17. Bd2 Qg6 18. b4 Nd5 19. b5 Nce7 20. Rb1 Rac8 21. Be2 Qxg2 22. Rg1 Qh3
23. Rg3 Qh5 24. Ba5 f4 25. Rg1 Nf5 26. Qe4 c6 27. b6 axb6 28. Bd2 Ra8 29. Rb3
Qf7 30. Bc4 Nfe7 31. Bd3 Qf5 32. Qe2 Qh3 33. Qe4 Rf5 34. Qe2 Rh5 35. Qe4 Qf5
36. Qe2 Qf7 37. Be4 b5 38. Kf1 b6 39. Qd3 c5 40. Bh7+ Kh8 41. Bg6 Nxg6 42. Qxg6
Qxg6 43. Rxg6 c4 44. Rb1 Rxa3 45. Kg2 c3 46. Be1 Kh7 47. Rg4 Bc6 48. Rc1 Nb4
49. h4 Bxf3+ 50. Kxf3 Nd3 51. Ra1 Rxa1 52. Bxc3 Ra3 0-1